 Dungeon Crawl Stone Soup version 0.29-a0-632-g781b4ac09e (webtiles) character file.

Game seed: 5439485301412801413

271 Glafi the Skirmisher (level 6, 0/57 HPs)
             Began as a Minotaur Fighter on June 19, 2022.
             Slain by a lemure (6 damage)
             ... led by Pikel
             ... on level 5 of the Dungeon.
             The game lasted 00:24:20 (3368 turns).

Glafi the Skirmisher (Minotaur Fighter)             Turns: 3368, Time: 00:24:20

Health: 0/57       AC: 10    Str: 22    XL:     6   Next: 2%
Magic:  5/5        EV: 10    Int:  5    God:
Gold:   232        SH:  4    Dex: 10    Spells: 5/5 levels left

rFire   . . .      SeeInvis .   A - +1 war axe (vorpal)
rCold   . . .      Faith    .   c - +0 buckler
rNeg    . . .      Spirit   .   b - +0 scale mail
rPois   .          Reflect  .   (helmet restricted)
rElec   .          Harm     .   E - +0 cloak
rCorr   +          Rampage  .   (no gloves)
Will    .....                   C - +1 pair of boots {Fly}
Stlth   ..........              (no amulet)
HPRegen 0.19/turn               x - ring of resist corrosion
MPRegen 0.09/turn               (no ring)

@: flying, hasted, very quick
A: horns 2, retaliatory headbutt
a: no special abilities


You were on level 5 of the Dungeon.
You visited 1 branch of the dungeon, and saw 5 of its levels.

You collected 232 gold pieces.

Inventory:

Hand Weapons
 f - a +0 flail of protection
 n - a +0 spear
 A - a +1 vorpal war axe (weapon)
Missiles
 h - 6 curare-tipped darts (quivered)
 y - 4 poisoned darts
Armour
 b - a +0 scale mail (worn)
 c - a +0 buckler (worn)
 C - a +1 pair of boots of flying (worn)
 E - a +0 cloak (worn)
Jewellery
 x - a ring of resist corrosion (left hand)
 H - a ring of ice
Scrolls
 e - 4 scrolls of teleportation {unknown}
 g - a scroll of magic mapping {unknown}
 i - 2 scrolls of blinking {unknown}
 j - a scroll of poison {unknown}
 l - 2 scrolls of identify {unknown}
 m - a scroll of fear {unknown}
 r - a scroll of enchant armour {unknown}
 t - a scroll of enchant weapon {unknown}
 v - 5 scrolls of amnesia {unknown}
 z - 2 scrolls of vulnerability {unknown}
 B - a scroll of fog {unknown}
 D - a scroll of torment {unknown}
Potions
 a - a potion of attraction {unknown}
 d - 4 potions of might
 k - 2 potions of flight {unknown}
 o - 2 potions of heal wounds {unknown}
 p - a potion of lignification {unknown}
 q - a potion of cancellation {unknown}
 s - a potion of mutation {unknown}
 u - 2 potions of curing {unknown}
 w - a potion of invisibility {unknown}
 F - a potion of haste
 G - a potion of ambrosia {unknown}


   Skills:
 * Level 5.8 Fighting
 + Level 3.9 Axes
 + Level 5.0 Armour
 + Level 1.9 Dodging
 + Level 0.1 Stealth
 + Level 4.1 Shields


You had 5 spell levels left.
You didn't know any spells.
Your spell library contained the following spells:

 Spells                   Type           Power      Damage    Failure   Level
 Sandblast                Erth           0%         2d4       86%         1
 Passwall                 Tmut/Erth      0%         N/A       95%         2
 Stone Arrow              Conj/Erth      0%         3d7       99%         3


Dungeon Overview and Level Annotations

Branches:
Dungeon (5/15)
 Temple: D:4-7

Altars:
Gozag
Nemelex Xobeh

Shops:
D:4 [

Annotations:
D:3 3 runed translucent doors, Ijustatesigmund's ghost, amateur GrEE; Querens's ghost, amateur MeFi; anet's ghost, amateur HOCj
D:5 Pikel


Innate Abilities, Weirdness & Mutations

You have a pair of horns on your head.
You reflexively headbutt those who attack you in melee.


Message History

You barely miss the lemure. You closely miss Pikel.
The hound closely misses you. You block the hound's attack.
Pikel completely misses you. The lemure hits you but does no damage.
The hound barely misses you.
You miss the hound. You headbutt the hound.
You kill the hound!
You hit the lemure but do no damage. You hit Pikel.
The lemure closely misses you. Pikel closely misses you.
Your Armour skill increases to level 5!
You have reached level 6!
You closely miss the lemure. You barely miss Pikel. You barely miss the lemure.
You block the lemure's attack.
An orc comes into view. It is wielding a +0 flail.
Pikel hits you with a +0 whip of freezing.
Pikel freezes you. The lemure closely misses you. The lemure hits you.
The lemure hits you but does no damage. Pikel completely misses you.
You closely miss the lemure. You headbutt the lemure!
The lemure is moderately wounded.
You hit the lemure. You hit Pikel. The lemure misses you.
You block the lemure's attack. Pikel hits you but does no damage.
You barely miss the lemure.
The lemure is moderately wounded.
You hit Pikel. You hit the lemure but do no damage. The lemure hits you.
The lemure closely misses you. You furiously retaliate!
You headbutt the lemure.
Pikel zaps a wand.
The puff of flame hits you.
You hit the lemure. Your headbutt misses the lemure.
The lemure is heavily wounded.
You hit Pikel but do no damage. You slash the lemure!
The lemure hits you but does no damage.
Pikel hits you with a +0 whip of freezing.
* * * LOW HITPOINT WARNING * * *
Pikel freezes you.
* * * LOW HITPOINT WARNING * * *
The lemure hits you.
* * * LOW HITPOINT WARNING * * *
The lemure completely misses you. You block the lemure's attack.
Pikel barely misses you. You furiously retaliate!
You headbutt Pikel.
It was a potion of haste.
You feel yourself speed up. The lemure hits you but does no damage.
The lemure hits you.
You die...

#####.#####.######.###.#.#
#.# #.# #.......# # #.#
##.# ######.### # #.. ..>#
#......# # ### #...#
#.###..# ### ..>..# #.#
#..# #.## ......##.###.##
...#### ......5#......##
......+ .....55@.......#
...#### .....5K###....##
#.## .....o# ###..# .##
.....# ##.# .# #...# #.#
.# ##'# #.# ## ... #.# #
.. #.#


You could see Pikel, 3 lemures, an orc and an ufetubus.

Vanquished Creatures
  A lemure (D:5)
  A hound (D:5)
  A gnoll shaman (D:5)
  2 orc wizards
  3 gnolls (D:5)
  4 adders
  A worm (D:2)
  9 orcs
  5 ball pythons
  7 endoplasms
  10 giant cockroaches
  7 hobgoblins
  6 jackals
  4 quokkas
  2 bats
  A frilled lizard (D:2)
  3 goblins
  8 kobolds
  4 rats
79 creatures vanquished.

Vanquished Creatures (others)
  4 plants (D:5)
  4 withered plants (D:3)
8 creatures vanquished.

Grand Total: 87 creatures vanquished

Notes
Turn   | Place    | Note
-------+----------+-------------------------------------------
     0 | D:1      | Glafi the Minotaur Fighter began the quest for the Orb.
     0 | D:1      | Reached XP level 1. HP: 19/19 MP: 0/0
   126 | D:1      | Reached XP level 2. HP: 27/27 MP: 1/1
   597 | D:2      | Reached XP level 3. HP: 33/33 MP: 2/2
  1024 | D:3      | Reached XP level 4. HP: 33/41 MP: 3/3
  1100 | D:3      | Reached skill level 1 in Dodging
  1237 | D:3      | Reached skill level 5 in Fighting
  1308 | D:3      | Found a runed translucent gate.
  1308 | D:3      | Found a runed translucent gate.
  1308 | D:3      | Found a runed translucent gate.
  1312 | D:3      | Noticed Querens's ghost (amateur MeFi)
  1312 | D:3      | Noticed anet's ghost (amateur HOCj)
  1312 | D:3      | Noticed Ijustatesigmund's ghost (amateur GrEE)
  1967 | D:4      | Found a sparkling altar of Nemelex Xobeh.
  2029 | D:4      | Reached XP level 5. HP: 36/48 MP: 4/4
  2200 | D:4      | Found a glowing drain.
  2329 | D:4      | Found Vaczel's Armour Emporium.
  2474 | D:4      | Found an opulent altar of Gozag.
  3036 | D:5      | Entered Level 5 of the Dungeon
  3353 | D:5      | Noticed a lemure
  3353 | D:5      | Noticed a lemure
  3354 | D:5      | Noticed a lemure
  3355 | D:5      | Noticed Pikel
  3355 | D:5      | Noticed a lemure
  3360 | D:5      | Killed a lemure
  3364 | D:5      | Reached skill level 5 in Armour
  3364 | D:5      | Reached XP level 6. HP: 29/57 MP: 5/5
  3368 | D:5      | Slain by a lemure

Illustrated notes

Levels and vault maps discovered:
D:1:      minmay_arrival_cross, layout_rooms
D:2:      layout_rooms
D:3:      wander_river, layout_basic, gammafunk_ghost_cemetery
D:4:      minmay_inner_zag, layout_basic, lemuel_tele_altar,
          grunt_gozag_breadcrumbs, gup_sewer_entry_pipe, serial_shops,
          nicolae_lakefront_shop
D:5:      layout_loops_corners, minmay_temple_entry_gardened_gates,
          uniq_crazy_yiuf_cottage, uniq_pikel, uniq_sigmund, uniq_blork_the_orc

Skill      XL: |  1  2  3  4  5 |
---------------+----------------+-----
Armour         | 4 5 |  5.0
Fighting       | 4 5 |  5.8
Shields        | 4 |  4.1
Dodging        | 1 |  1.9
Axes           | 3 |  3.9
Stealth        | |  0.1

Action                   |  1- 3 |  4- 6 || total
-------------------------+-------+-------++-------
Melee: War axe           |    66 |    84 ||   150
       Headbutt          |    12 |    12 ||    24
  Use: Potion            |       |     1 ||     1
Armor: Scale mail        |    34 |    44 ||    78
Dodge: Dodged            |    27 |    48 ||    75
Block: Buckler           |    10 |    14 ||    24

Table legend: (Time is in decaauts)
 A = Elapsed time spent in this place.
 B = Non-inter-level travel time spent in this place.
 C = Inter-level travel time spent in this place.
 D = Time resting spent in this place.
 E = Time spent auto-exploring this place.
 F = Levels seen in this place.
 G = Mean time per level.
                   A        B        C        D        E       F      G
               +--------+--------+--------+--------+--------+-----+--------+
         Total |   3440 |   3302 |    138 |      0 |   2561 |   5 |  688.0 |
       Dungeon |   3440 |   3302 |    138 |      0 |   2561 |   5 |  688.0 |
               +--------+--------+--------+--------+--------+-----+--------+

Top non-repeatable levels by time:
     D:4: 1212 daAuts
     D:3: 959 daAuts
     D:1: 527 daAuts
     D:2: 401 daAuts
     D:5: 339 daAuts
